 Seeded DCSS version 0.30-a0-845-g7c6808c8ce (webtiles) character file.

Game seed: 4290115023798346970 (custom seed)

6 demibob the Sneak (level 2, 0/25 HPs)
             Began as a Kobold Brigand on Mar 3, 2023.
             Frozen to death by an endoplasm (3 damage)
             ... on level 2 of the Dungeon.
             The game lasted 00:00:24 (105 turns).

demibob the Sneak (Kobold Brigand)                   Turns: 105, Time: 00:00:25

Health: 0/25       AC:  3    Str:  8    XL:     2   Next: 0%
Magic:  2/2        EV: 14    Int: 12    God:
Gold:   0          SH:  0    Dex: 16    Spells: 1/1 levels left

rFire   . . .      SeeInvis .    a - +2 dagger
rCold   . . .      Faith    .    (no shield)
rNeg    . . .      Spirit   .    b - +0 robe
rPois   .          Reflect  .    (no helmet)
rElec   .          Rampage  .    c - +0 cloak
rCorr   .                        (no gloves)
Will    .....                    (no boots) Stlth
                                 (no amulet)
HPRegen 0.24/turn                (no ring)
MPRegen 0.08/turn                (no ring)

@: berserking, very quick
A: small, no large weapons, nightstalker 3
a: no special abilities


You were on level 2 of the Dungeon.
You visited 1 branch of the dungeon, and saw 2 of its levels.


Innate Abilities, Weirdness & Mutations

You are small and have problems with some larger weapons.
You are completely attuned to the shadows.


   Skills:
 - Level 2.1 Fighting
 + Level 3.5 Short Blades
 - Level 2.1 Throwing
 - Level 1.2 Dodging
 - Level 5.3 Stealth


You had one spell level left.
You didn't know any spells.
Your spell library was empty.

Inventory:

Hand Weapons
 a - a +2 dagger (weapon)
Missiles
 d - 9 poisoned darts (quivered)
 e - 3 curare-tipped darts {=f}
Armour
 b - a +0 robe (worn)
 c - a +0 cloak (worn)

Dungeon Overview and Level Annotations

Branches:
Dungeon (2/15)

Altars:

Annotations:
D:2 Jessica

#.....)...
.............
#............
#............
#......g.....
#...$...@.@>.
#......J.....
##...........
##.....#....
###########


You could see Jessica, an endoplasm and a hobgoblin.


Message History

The endoplasm freezes you.
You are frozen.
* * * LOW HITPOINT WARNING * * *
You see here 13 gold pieces.
The adder bites you but does no damage. The hobgoblin attacks as you move away!
The hobgoblin hits you.
* * * LOW HITPOINT WARNING * * *
The adder attacks as you move away! The adder barely misses you.
The hobgoblin attacks as you move away!
The hobgoblin hits you but does no damage.
The endoplasm attacks as you move away!
The endoplasm hits you but does no damage.
Jessica the Apprentice Sorceress comes into view.
She is wielding a +0 club.
You aren't carrying any scrolls.
It was a potion of berserk rage.
A red film seems to cover your vision as you go berserk!
You feel yourself moving faster!
You feel mighty!
Jessica shouts!
The adder bites you.
* * * LOW HITPOINT WARNING * * *
The adder misses you. The endoplasm misses you.
The hobgoblin hits you but does no damage.
You hit the adder.
The adder is heavily wounded.
You puncture the adder!
You kill the adder!
The hobgoblin completely misses you. The endoplasm freezes you.
You are frozen.
You die...

Skill      XL: |  1 |
---------------+----+-----
Short Blades   | 3 |  3.5
Fighting       | |  2.1
Throwing       | |  2.1
Dodging        | |  1.2
Stealth        | |  5.3

Action                     || total
---------------------------++-------
  Melee: Dagger            ||    11
    Use: Potion            ||     1
   Stab: Sleeping          ||     4
 Armour: Robe              ||     7
  Dodge: Dodged            ||    11

Levels and vault maps discovered:
D:1:      kennysheep_arrival_seaside, layout_basic, minmay_gold_behind_fungi,
          wander_ebering_terrifying_dragon_lair
D:2:      layout_rooms, nicolae_ecumenical_snake_handling, uniq_jessica

Notes
Turn   | Place    | Note
-------+----------+-------------------------------------------
     0 | D:1      | demibob the Kobold Brigand began the quest for the Orb.
     0 | D:1      | Reached XP level 1. HP: 12/12 MP: 1/1
    46 | D:1      | Reached skill level 3 in Short Blades
    74 | D:1      | Reached XP level 2. HP: 17/17 MP: 2/2
    88 | D:1      | You fall into a shaft and drop 1 floor!
   102 | D:2      | Noticed Jessica
   105 | D:2      | Frozen to death by an endoplasm

Vanquished Creatures
  An adder (D:2)
  A dart slug (D:1)
  A giant cockroach (D:1)
  A hobgoblin (D:1)
  A frilled lizard (D:1)
5 creatures vanquished.

Table legend: (Time is in decaauts)
 A = Elapsed time spent in this place.
 B = Non-inter-level travel time spent in this place.
 C = Inter-level travel time spent in this place.
 D = Time resting spent in this place.
 E = Time spent auto-exploring this place.
 F = Levels seen in this place.
 G = Mean time per level.
                   A        B        C        D        E       F      G
               +--------+--------+--------+--------+--------+-----+--------+
         Total |    103 |    103 |      0 |      0 |     50 |   2 |   51.5 |
       Dungeon |    103 |    103 |      0 |      0 |     50 |   2 |   51.5 |
               +--------+--------+--------+--------+--------+-----+--------+

Top non-repeatable levels by time:
     D:1: 87 daAuts
     D:2: 15 daAuts

Table legend:
 A = Non-vault XP
 B = Vault XP
 C = Vault XP percentage of total XP
 D = Non-vault monster count
 E = Vault monster count
 F = Vault count percentage of total count
                 A         B        C        D         E       F
            +---------+---------+-------+---------+---------+-------
      Total |      23 |       0 |   0.0 |       5 |       0 |   0.0
            +---------+---------+-------+---------+---------+-------
        D:1 |       9 |       0 |   0.0 |       4 |       0 |   0.0
        D:2 |      14 |       0 |   0.0 |       1 |       0 |   0.0
            +---------+---------+-------+---------+---------+-------
